Cogmind - Beta 11.1 *** ADVENTURER MODE // 2022.10.01 @ 13:18:53 Player: zxpr0jk Result: Self-destructed Performance ------------- Evolutions (1) 500 Regions Visited (2) 400 Robots Destroyed (50) 250 Value Destroyed (1096) 1096 Prototype IDs (2) 40 Alien Tech Used (0) 0 Bonus (257) 257 TOTAL SCORE: 2543 Bonus ------- High Alert Combat Kills 257 Cogmind --------- Core Integrity 240/400 Matter 78/300 Energy 100/100 System Corruption 0% Temperature Cool (48) Movement Treading (170) Location -9/Materials Parts ------- > --- POWER (1) -------- (None) > --- PROPULSION (3) --- Armored Treads Armored Treads Armored Treads > --- UTILITY (3) ------ High-capacity Storage Unit Machine Analyzer Signal Interpreter > --- WEAPON (2) ------- (None) > --- INVENTORY (20) --- Heavy Ion Engine Huge Storage Unit Peak State ------------ > --- POWER ------------ Heavy Ion Engine > --- PROPULSION ------- Armored Treads Armored Treads Armored Treads > --- UTILITY ---------- High-capacity Storage Unit Machine Analyzer Signal Interpreter > --- WEAPON ----------- Assault Rifle Improved Assault Rifle > --- INVENTORY -------- Heavy Ion Engine Huge Storage Unit Assault Rifle Grenade Launcher [Rating: 21] Favorites ----------- Power Ion Engine Engine Ion Engine Propulsion Aluminum Leg Treads Armored Treads Leg Aluminum Leg Utility Signal Interpreter Device Sensor Array Storage Small Storage Unit Processor Signal Interpreter Weapon Grenade Launcher Ballistic Gun Assault Rifle Launcher Grenade Launcher Build | -11 -10 -9 ------- Run | Scr Mat Mat Slots Evolved 2 | . . 2 Power . | . . . Propulsion 1 | . . 1 Utility 1 | . . 1 Weapon . | . . . Parts Attached 35 | 6 9 20 Power 2 | 1 . 1 Engine 2 | 1 . 1 Core . | . . . Reactor . | . . . Propulsion 9 | 2 . 7 Treads 3 | . . 3 Leg 6 | 2 . 4 Wheel . | . . . Hover . | . . . Flight . | . . . Utility 13 | 1 5 7 Device 3 | . 3 . Storage 7 | 1 2 4 Processor 3 | . . 3 Hackware . | . . . Protection . | . . . Artifact . | . . . Weapon 11 | 2 4 5 Energy Gun . | . . . Energy Cannon . | . . . Ballistic Gun 7 | 2 2 3 Ballistic Cannon . | . . . Launcher 4 | . 2 2 Special Weapon . | . . . Impact Weapon . | . . . Slashing Weapon . | . . . Piercing Weapon . | . . . Special Melee Weapon . | . . . Unidentified Prototypes 2 | . . 2 Parts Lost 5 | . . 5 Power 2 | . . 2 Propulsion . | . . . Utility 1 | . . 1 Weapon 2 | . . 2 Highest Loss Streak 2 | . . 2 To Critical Strikes . | . . . Average Slot Usage (%) 95 | . 99 93 Engine 12 | . 14 10 Treads 11 | . . 17 Leg 17 | . 28 11 Device 6 | . 13 2 Storage 12 | . 14 11 Processor 11 | . . 18 Ballistic Gun 13 | . 18 10 Launcher 9 | . 9 10 Naked Turns . | . . . Heaviest Build 53 | 12 16 53 Greatest Support 60 | 20 20 60 Greatest Overweight (x) 1 | 1 . 1 Average Overweight (x) . | . . . Largest Inventory Capacity 25 | 8 15 25 Average Capacity 12 | 6 8 15 Most Carried 8 | . 8 8 Average Carried 3 | . 3 3 Final Capacity 20 | 8 8 20 Final Carried 4 | . 4 2 Class Distribution -------------------- 100% | Mutant Dominant Class ---------------- Mutant | -10/Materials Mutant | -9/Materials Resources | -11 -10 -9 ----------- Run | Scr Mat Mat Matter Collected 961 | 192 233 536 Remotely . | . . . Salvage Created 1009 | . 201 808 Parts 102 | . 19 83 Haulers Intercepted 1 | . . 1 Recyclers Shooed 3 | . . 3 Parts Field Recycled . | . . . Retrieved Matter . | . . . Parts Self-Destructed . | . . . Prevented . | . . . Kills | -11 -10 -9 ------- Run | Scr Mat Mat Combat Hostiles Destroyed 34 | . 7 27 Guns 14 | . 2 12 AOE 20 | . 5 15 Classes Destroyed 10 | . 4 6 Worker 6 | . 1 5 Builder 3 | . . 3 Tunneler 2 | . . 2 Hauler 1 | . . 1 Mechanic 1 | . . 1 Operator 1 | . . 1 Watcher 2 | . 1 1 Swarmer 12 | . 3 9 Grunt 15 | . 4 11 Sentry 7 | . . 7 Best Kill Streak 6 | . 4 6 Combat Bots Only 6 | . 4 6 Max Kills in Single Turn 3 | . 3 3 Gunslinging . | . . . Exploded 3 | . 3 2 Melee . | . . . Uniques/NPCs Destroyed . | . . . Combat | -11 -10 -9 -------- Run | Scr Mat Mat Damage Taken 1692 | . 168 1524 Core 226 | . 66 160 Absorbed by Shields . | . . . Regen/Repaired (Parts) 302 | . 21 281 Core Remaining (%) 86 | 100 73 . Volleys Fired 81 | . 16 65 Largest 2 | . 2 2 Hottest 50 | . 50 50 Shots Fired 136 | . 33 103 Gun 92 | . 27 65 Cannon . | . . . Launcher 44 | . 6 38 Special . | . . . Kinetic 92 | . 27 65 Thermal . | . . . Explosive 44 | . 6 38 Electromagnetic . | . . . Robot Hit Streak 25 | . 11 25 Robot Miss Streak 2 | . 1 2 Penetration Max . | . . . Secondary Targets . | . . . Shots Hit Robots 109 | . 26 83 Core Hits 91 | . 18 73 Critical Kills . | . . . Critical Parts Destroyed . | . . . Critical Strikes . | . . . Melee Attacks . | . . . Impact . | . . . Slashing . | . . . Piercing . | . . . Sneak Attacks . | . . . Combat Hostiles . | . . . Follow-up Attacks . | . . . Damage Inflicted 2958 | . 561 2397 Guns 874 | . 147 727 Cannons . | . . . Explosions 2032 | . 414 1618 Melee . | . . . Ramming 52 | . . 52 Kinetic 874 | . 147 727 Thermal . | . . . Explosive 2032 | . 414 1618 Electromagnetic . | . . . Impact . | . . . Slashing . | . . . Piercing . | . . . Highest Corruption 1 | . 1 . Average Corruption 1 | . 1 . Corruption Purged . | . . . Corruption Blocked . | . . . Effects 3 | . 3 . Matter Fused 1 | . 1 . Data Loss (minor) 1 | . 1 . Misfires 1 | . 1 . Overload Shots . | . . . Overflow Damage 7 | . . 7 Projectiles . | . . . Explosions 7 | . . 7 Melee . | . . . Knockbacks 1 | . . 1 Impact 1 | . . 1 Kinetic . | . . . Secondary . | . . . Self-Inflicted Damage 5 | . . 5 Shots 1 | . . 1 Rammed 4 | . . 4 Targets Rammed 11 | . . 11 Kicked 7 | . . 7 Crushed . | . . . Highest Temperature 60 | . 17 60 Average Temperature 24 | . 10 25 Received Heat Transfer 1008 | . 114 894 Siege Activations . | . . . Robots Corrupted . | . . . Combat Hostiles . | . . . Parts Fried . | . . . Impact Corruptions . | . . . Robots Melted . | . . . Combat Hostiles . | . . . Parts Melted . | . . . Heat Transferred . | . . . Parts Sabotaged . | . . . Parts Stolen . | . . . Parts Stripped . | . . . Power Chain Reactions . | . . . Missiles Intercepted . | . . . Alert | -11 -10 -9 ------- Run | Scr Mat Mat Peak Influence 1060 | . 177 1060 Initial 59 | . . 59 Average 465 | . 78 720 Maximum Alert Level 3 | . . 3 Low Security (%) 42 | 100 100 5 Level 1 . | . . 1 Level 2 15 | . . 26 Level 3 40 | . . 67 Level 4 . | . . . Level 5 . | . . . High Security . | . . . Max Security . | . . . Squads Dispatched 6 | . 1 5 Investigation 3 | . 1 2 Extermination . | . . . Reinforcement 3 | . . 3 Assault . | . . . Garrison . | . . . Intercept . | . . . Searches Triggered . | . . . Construction Impeded 1 | . . 1 Haulers Reinforced . | . . . Active Scanning Responses . | . . . Cargo Convoy Interrupts . | . . . Stealth | -11 -10 -9 --------- Run | Scr Mat Mat Distress Signals 1 | . . 1 Communications Jammed . | . . . Distress Signals . | . . . Times Spotted 54 | . 12 42 Peak Tracking Total 7 | . 4 7 Tactical Retreats 2 | . 1 1 Traps | -11 -10 -9 ------- Run | Scr Mat Mat Traps Triggered 4 | . 2 2 Indirectly . | . . . Trap Hack Attempts . | . . . Triggered . | . . . Disarmed . | . . . Reprogrammed . | . . . Reused . | . . . Traps Extracted . | . . . Installed . | . . . Triggered . | . . . Machines | -11 -10 -9 ---------- Run | Scr Mat Mat Machines Disabled 4 | . . 4 Max in Single Turn 1 | . . 1 Machines Sabotaged . | . . . Garrisons Compromised . | . . . Overloaded Fab Kills . | . . . Hacking | -11 -10 -9 --------- Run | Scr Mat Mat Machines Accessed 2 | . 1 1 Terminals . | . . . Fabricators . | . . . Repair Stations 2 | . 1 1 Recycling Units . | . . . Scanalyzers . | . . . Garrison Access . | . . . Total Hacks 13 | . 2 11 Successful 13 | . 2 11 Failed . | . . . Catastrophic . | . . . Database Lockouts . | . . . Manual . | . . . Terminals . | . . . Fabricators . | . . . Repair Stations 13 | . 2 11 Recycling Units . | . . . Scanalyzers . | . . . Garrison Access . | . . . Terminal Hacks . | . . . Fabricator Hacks . | . . . Repair Station Hacks 13 | . 2 11 Scan Component 7 | . 1 6 Repair 6 | . 1 5 Recycling Unit Hacks . | . . . Scanalyzer . | . . . Garrison Access Hacks . | . . . Unauthorized Hacks . | . . . Terminals . | . . . Fabricators . | . . . Repair Stations . | . . . Recycling Units . | . . . Scanalyzers . | . . . Garrison Access . | . . . Data Cores Recovered . | . . . Used . | . . . Hacking Detections 1 | . . 1 Full Trace Events 1 | . . 1 Feedback Events . | . . . Feedback Blocked . | . . . Robot Schematics Acquired . | . . . Robots Built . | . . . Authchips . | . . . Time . | . . . Total Robot Build Rating . | . . . Part Schematics Acquired . | . . . Parts Built . | . . . Authchips . | . . . Time . | . . . Total Part Build Rating . | . . . Parts Repaired 6 | . 1 5 Time 156 | . 26 130 Parts Recycled . | . . . Recycled Matter . | . . . Retrieved Matter . | . . . Retrieved Components . | . . . Parts Scanalyzed . | . . . Part Schematics Acquired . | . . . Parts Damaged . | . . . Bothacking | -11 -10 -9 ------------ Run | Scr Mat Mat Used RIF Installer . | . . . Robots Hacked . | . . . Non-combat . | . . . Combat . | . . . Robot Hacks Applied . | . . . Relay Couplers Released . | . . . Fabnet Peak Effective % . | . . . Robots Rewired . | . . . Allies Hacked . | . . . Hacks Repelled . | . . . Allies | -11 -10 -9 -------- Run | Scr Mat Mat Total Allies . | . . . Largest Group . | . . . Highest-Rated Group . | . . . Highest-Rated Ally . | . . . Total Orders . | . . . Ally Attacks . | . . . Total Damage . | . . . Kills . | . . . Allies Corrupted . | . . . Allies Melted . | . . . Intel | -11 -10 -9 ------- Run | Scr Mat Mat Robot Analysis Total . | . . . Derelict Logs Recovered . | . . . Drone Launches . | . . . Drone Recoveries . | . . . Exploration | -11 -10 -9 ------------- Run | Scr Mat Mat Turns Passed 1931 | 58 702 1171 Spaces Moved 1098 | 44 518 536 Core 5 | 5 . . Treads 312 | . . 312 Legs 781 | 39 518 224 Wheels . | . . . Hover . | . . . Flight . | . . . Fastest Speed 50 | 50 120 120 Average Speed 135 | 113 120 151 Slowest Speed 250 | 120 120 250 Overloaded Moves . | . . . Propulsion Burnouts . | . . . Robots Hopped . | . . . Cave-ins Triggered . | . . . Exploration Rate (%) 47 | 4 77 61 Regions Visited 2 Branch Regions . Pre-discovered Areas . | . . . Known Exits Taken . | . . . Unknown Exits Taken 2 | 1 1 . Scrap Searched . | . . . Spaces Dug 6 | . . 6 Terrain Destroyed 229 | . 39 190 Melee . | . . . Projectile . | . . . AOE 229 | . 39 190 Terrain Rammed . | . . . Walls Destroyed . | . . . Machines Disabled . | . . . Actions | -11 -10 -9 --------- Run | Scr Mat Mat Total 1403 | 49 570 784 Wait 146 | . 16 130 Move 1096 | 43 517 536 Hop . | . . . Pick Up 13 | . 6 7 Fast Attach 16 | 6 1 9 Attach 6 | . 1 5 Detach 5 | . . 5 Swap 14 | . 7 7 Drop 15 | . 6 9 Fire 81 | . 16 65 Melee . | . . . Ram . | . . . Kick 7 | . . 7 Crush 4 | . . 4 Escape Stasis . | . . . Rewire . | . . . Trap . | . . . Miscellaneous . | . . . Route ------- -11/Scrapyard -10/Materials (discovered 4 exits: *Mat x3 / [*Min]) -9/Materials (discovered 2 exits: [*Min] / *Sto) History --------- Turn | Location | Event 28 | -11/Scrapyard | Discovered new exit (range 15) 59 | -11/Scrapyard | Entered Materials 292 | -10/Materials | Discovered new exit (range 14) 320 | -10/Materials | Repaired Lgt. Assault Rifle 320 | -10/Materials | Build established: Mutant 367 | -10/Materials | Discovered new exit (range 6) 518 | -10/Materials | Discovered new exit (range 7) 746 | -10/Materials | Discovered new exit (range 10) 761 | -10/Materials | Entered another Materials area 761 | -9/Materials | Evolved 2 slots: Propulsion x1, Utility x1 783 | -9/Materials | Discovered new exit (range 15) 860 | -9/Materials | Identified exit to Storage 1144 | -9/Materials | Repaired Aluminum Leg 1171 | -9/Materials | Repaired Grenade Launcher 1199 | -9/Materials | Repaired Assault Rifle 1226 | -9/Materials | Repaired Aluminum Leg 1254 | -9/Materials | Repaired Aluminum Leg 1388 | -9/Materials | Discovered new exit (range 15) 1932 | -9/Materials | Self-destructed Last Messages --------------- 01886_ U-05 Engineer destroyed. 01886_ U-05 Engineer lays Concrete. 01887_ U-05 Engineer builds a Wall. 01890_ G-34 Mercenary destroyed. 01893_ U-05 Engineer lays Concrete. 01895_ U-05 Engineer builds a Wall. 01898_ U-05 Engineer builds a Door. 01907_ U-05 Engineer lays Concrete. 01909_ U-05 Engineer builds a Wall. 01914_ U-05 Engineer lays Concrete. 01915_ Critical hit (Burn: +37). 01915_ U-05 Engineer lays Concrete. 01920_ Y-45 Defender destroyed. 01921_ Acquired 44 matter. 01921_ U-05 Engineer lays Concrete. 01922_ U-05 Engineer builds a Wall. 01927_ U-05 Engineer lays Concrete. 01928_ U-05 Engineer builds a Wall. 01928_ Hvy. Ion Engine destroyed. 01931_ Assault Rifle destroyed. Map ----- +----------------------------------------------------+ | T## ""T"" #???"""""?????????????? | | "## """"" #???"""""?????????????? | | ## #???"""""?????????????? | | ## #???????????????#?????? | | ## ### #?????????????? #?????? | | ## #?#! !#????????????? #?????? | | !## #?#! !#???????????? #?????? | | #### #?##!!!!##???######### ##????? | | #### #??######????# # ## #????? | | ############## ! #????? | | * #????? | | ##############% == #????? | | ##+#####?????????## %# ## #????? | | # #?????#???# ##########????? | | # #?? # # [ #?????? | | #][[ ## """ # #=== #??????? | | #][[ =#?[ """"" # #==! #??????? | | #][ #???""""" ==! #??????? | | # #???""""" u #??????? | | ########????""" u# !#??????? | | ????????? # #/####??????? | | ????????# / g#?????????? | | ?????????##+####### # #/#####?????? | | ?????????????????#######g[g #?????? | | ???????????????????????#g=g [#?????? | | ???????????????????????# @ #?????? | | ???????????????????????# #?????? | | ???????????????????????# #?????? | | ???????????????????????# #?????? | | ????????????????"S?????########?????? | | ????????????????"""?????????????????? | | ?????????????????""?????????????????? | | ????????????????????????????????????? | | ????????????????????????????????????? | | ????????????????????????????????????? | | ????????????????????????????????????? | | #+#######???????????????????????????? | | ?????????????????????????? | | ?????????????????????????? | | ?????????????????????????? | | ##+######???????????????????????????? | | ????????????????????????????????????? | | "?"""???????????????????????????????? | | "?"""???????????????????????????????? | | "?"""???????????????????????????????? | | ????????????????????????????????????? | | ????????????????????????????????????? | | ????????????????????????????????????? | | ????????????????????????????????????? | | ????????????????????????????????????? | +----------------------------------------------------+ Best States ------------- Heat Dissipation 35 Energy Generation 14 Energy Capacity 280 Matter Stores 300 Matter Capacity 300 Sight Range 16 Robot Scan Range 14 Terrain Scan Density 10 Resistance: KI 20 Resistance: TH 20 Resistance: EX 20 Resistance: EM 20 Resistance: I 20 Resistance: S 20 Resistance: P 20 Evasion (%) 55 Recoil Reduction 3 Offensive Hacking 10 Item Schematics ----------------- None Robot Schematics ------------------ None Fabricated ------------ Nothing Alien Tech Used ----------------- None Achievements -------------- None Challenges ------------ None Game ------ Seed BombardmentImprinterShotgun Manual? 0 Play Time 00:31:20 Cumulative 19.0 hours Start 2022.10.01 @ 12:24:03 End 2022.10.01 @ 13:18:53 Sessions 1 Manual Loads 0 Difficulty Adventurer Special Mode None Game No. 19 Rogue 13 Adventurer 6 Explorer 0 Win Type - Total 0 Types 0/0/0/0/0/0/0/0/0 Lore% 20 Gallery% 22 Achievement% 20 Wizard Run 0 Options --------- ASCII 0 Keyboard 1 Movement Numpad Keybinds 0 Fullscreen 2 Font 18/SmallcapsGlow Map View 76x50 Tactical HUD 1 Map Filters NONE Filters NONE Steam 1 RUN: 120aa18c-33f2-45ae-8d4f-ab99ff4b298f